 Dungeon Crawl Stone Soup version 0.30.1-9-gdf580d7c3d (webtiles) character file.

Game seed: 15942166739561163579

8 Chiseanne the Digger (level 2, 21/21 HPs)
             Began as a Demonspawn Wanderer on Oct 11, 2023.
             Quit the game on level 1 of the Dungeon.
             The game lasted 00:00:58 (400 turns).

Chiseanne the Digger (Demonspawn Wanderer)           Turns: 400, Time: 00:00:59

Health: 21/21      AC:  2    Str:  9    XL:     2   Next: 0%
Magic:  3/3        EV: 12    Int: 14    God:
Gold:   10         SH:  0    Dex: 14    Spells: 2/3 levels left

rFire   . . .        a - +2 short sword
rCold   . . .        (no shield)
rNeg    . . .        d - +0 robe
rPois   .            (helmet restricted)
rElec   .            (no cloak)
rCorr   .            (no gloves)
SInv    .            (no boots)
Will    .....        (no amulet)
Stlth   ++           k - ring of wizardry
HPRegen 0.23/turn    (no ring)
MPRegen 0.08/turn

%: wizardry (x1)
@: no status effects
A: horns 1
a: no special abilities


You were on level 1 of the Dungeon.
You visited 1 branch of the dungeon, and saw 1 of its levels.

You collected 10 gold pieces.

Inventory:

Hand Weapons
 a - a +2 short sword (weapon)
 i - a +0 mace
Missiles
 h - 7 stones
 j - 6 boomerangs
Armour
 b - a +0 helmet
 d - a +0 robe (worn)
Jewellery
 k - a ring of wizardry (left hand)
Scrolls
 c - a scroll of blinking
 f - a scroll of amnesia {unknown}
Potions
 e - a potion of heal wounds {unknown}
 g - a potion of curing {unknown}


   Skills:
 * Level 1.3 Fighting
 - Level 1.7 Short Blades
 * Level 2.0 Dodging
 - Level 1.0 Stealth
 * Level 1.2 Spellcasting
 * Level 2.0 Earth Magic
 - Level 1.2 Invocations


You had 2 spell levels left.
You knew the following spells:

 Your Spells              Type           Power      Damage    Failure   Level
a - Sandblast             Erth           12%        2d6       4%          1

Your spell library contained the following spells:

 Spells                   Type           Power      Damage    Failure   Level
 Stone Arrow              Conj/Erth      6%         3d7       21%         3


Dungeon Overview and Level Annotations

Branches:
Dungeon (1/15)

Altars:


Innate Abilities, Weirdness & Mutations

You have a pair of small horns on your head.


Message History

You closely miss the bat.
The bat is severely wounded.
The hobgoblin shouts!
The bat hits you but does no damage. The bat hits you but does no damage.
The bat barely misses you.
Casting: Sandblast (safe; 4% risk of failure)
Confirm with . or Enter, or press ? or * to list all spells.
You don't have enough magic to cast this spell.
You barely miss the bat. The bat barely misses you. The bat barely misses you.
The bat hits you but does no damage. The bat misses you.
Casting: Sandblast (safe; 4% risk of failure)
Confirm with . or Enter, or press ? or * to list all spells.
Aiming: Sandblast (safe; 4% risk of failure)
Press: ? - help, Shift-Dir - straight line, f/p - bat
Aim: a bat (71% to hit)
The blast of sand hits the bat!
You kill the bat!
Casting: Sandblast (safe; 4% risk of failure)
Confirm with . or Enter, or press ? or * to list all spells.
Aiming: Sandblast (safe; 4% risk of failure)
Press: ? - help, Shift-Dir - straight line, f - hobgoblin
Aim: a hobgoblin (81% to hit)
The blast of sand hits the hobgoblin.
You kill the hobgoblin!
Your Dodging skill increases to level 2!
Your Earth Magic skill increases to level 2!
You open the door.
A rat comes into view.
There is an open door here.
Found 7 gold pieces.
The helpless rat fails to defend itself.
You puncture the rat!
You kill the rat!
You have reached level 2!
Your demonic ancestry asserts itself...
A pair of horns grows on your head!
Your +0 helmet falls away!
Are you sure you want to abandon this character and quit the game? (Confirm with "yes".)

#...# #...# ##############
#############...#
.............####................
.....†.......................[...
................................#
....########.####.##########....#
....# #.####'### #..... ....#
#.##.@...# ##...# ....#
#.##†....# #)### ....# #.##.....#
#...# .........# ##..# #.##.....#
##.# #.....# ##. #.....# ##
#..$..# ##. ##.#


There were no monsters in sight!

Vanquished Creatures
  2 bats (D:1)
  An endoplasm (D:1)
  A goblin (D:1)
  A hobgoblin (D:1)
  3 rats (D:1)
8 creatures vanquished.

Notes
Turn   | Place    | Note
-------+----------+-------------------------------------------
     0 | D:1      | Chiseanne the Demonspawn Wanderer began the quest for the
                  | Orb.
     0 | D:1      | Chiseanne set off with the following items: a +2 short
                  | sword, a +0 helmet, a scroll of blinking, a +0 robe; and
                  | the following spell memorised: Sandblast; and the following
                  | spells available to memorise: Stone Arrow.
     0 | D:1      | Reached XP level 1. HP: 15/15 MP: 2/2
   126 | D:1      | Found a faded altar of an unknown god.
   400 | D:1      | Gained mutation: You have a pair of small horns on your
                  | head. [demonic ancestry]
   400 | D:1      | Reached XP level 2. HP: 21/21 MP: 3/3
   400 | D:1      | Quit the game

Illustrated notes

Levels and vault maps discovered:
D:1:      nagdon_arrival_zigzag_paths, layout_basic,
          hellmonk_ecumenical_altar_slurped_away, chequers_serial_rivers_room_b

Skill      XL: |  1 |
---------------+----+-----
Dodging        | 2 |  2.0
Earth Magic    | 2 |  2.0
Fighting       | |  1.3
Short Blades   | |  1.7
Stealth        | |  1.0
Spellcasting   | |  1.2
Invocations    | |  1.2

Action                     || total
---------------------------++-------
  Melee: Short sword       ||    14
   Cast: Sandblast         ||     5
   Stab: Sleeping          ||     2
 Armour: Robe              ||     6
  Dodge: Dodged            ||    13
